 Dungeon Crawl Stone Soup version 0.22-a0-348-gd16d139 (webtiles) character file.

4 Amnesiac the Magician (level 1, -1/13 HPs)
             Began as a Mummy Wizard on Apr 10, 2018.
             Slain by a worm (5 damage)
             ... on level 3 of the Dungeon.
             The game lasted 00:01:27 (320 turns).

Amnesiac the Magician (Mummy Wizard)                 Turns: 320, Time: 00:01:29

Health: -1/13      AC:  2    Str: 10    XL:     1   Next: 58%
Magic:  0/5        EV: 12    Int: 17    God:
Gold:   29         SH:  0    Dex: 10    Spells: 7/8 levels left

rFire    x . .     SeeInvis .   (no weapon)
rCold    + . .     Gourm    .   (no shield)
rNeg     + + +     Faith    .   a - +0 robe
rPois    ∞         Spirit   .   b - +0 hat
rElec    .         Reflect  .   (no cloak)
rCorr    .         Harm     .   (no gloves)
MR       .....                  (no boots)
Stlth    ++........             (no amulet)
HPRegen  0.04/turn              (no ring)
MPRegen  0.09/turn              (no ring)

@: no status effects
A: no food or potions, fire vulnerability, cold resistance 1, negative energy
resistance 3, torment resistance, unbreathing
a: no special abilities


You were on level 3 of the Dungeon.
You were not hungry.

You visited 1 branch of the dungeon, and saw 3 of its levels.

You collected 29 gold pieces.

Inventory:

Armour
 a - a +0 robe (worn)
 b - a +0 hat (worn)
Wands
 e - a wand of digging (9)


   Skills:
 - Level 1.5 Dodging
 - Level 1.5 Stealth
 - Level 4.0 Spellcasting
 + Level 1.3 Conjurations
   Level 0.7 Summonings
   Level 0.7 Translocations


You had 7 spell levels left.
You knew the following spells:

 Your Spells              Type           Power        Failure   Level  Hunger
a - Magic Dart            Conj           #...         9%          1    N/A

Dungeon Overview and Level Annotations

Branches:
Dungeon (3/15)

Altars:

Annotations:
D:3 Grinder, Ijyb


Innate Abilities, Weirdness & Mutations

You do not eat or drink.
Your flesh is vulnerable to fire.
You are immune to poison.
Your flesh is cold resistant. (rC+)
You are immune to negative energy. (rN+++)
You are immune to unholy pain and torment.
You can survive without breathing.


Message History

A goblin comes into view. It is wielding a club.
Grinder blinks!
Really read
d - a scroll labeled NOPSIE LEPSIFANI {!r}? [Y]es or [N]o only, please.
Really read
d - a scroll labeled NOPSIE LEPSIFANI {!r}?
As you read the scroll labeled NOPSIE LEPSIFANI {!r}, it crumbles to dust.
You feel blessed for a moment.
It was a scroll of remove curse {!r}.
The hobgoblin closely misses you.
Really read
c - a scroll labeled KIGAR ATAUH {!r}?
As you read the scroll labeled KIGAR ATAUH {!r}, it crumbles to dust.
It is a scroll of identify.
You don't have any unidentified items.
The hobgoblin closely misses you. The hobgoblin barely misses you.
Casting: Magic Dart (safe; 10% risk of failure)
Confirm with . or Enter, or press ? or * to list all spells.
Aiming: Magic Dart (safe; 10% risk of failure)
Press: ? - help, Shift-Dir - straight line, f - hobgoblin
Aim: a hobgoblin The magic dart hits the hobgoblin.
The hobgoblin is moderately wounded.
The hobgoblin closely misses you.
Casting: Magic Dart (safe; 10% risk of failure)
Confirm with . or Enter, or press ? or * to list all spells.
Aiming: Magic Dart (safe; 10% risk of failure)
Press: ? - help, Shift-Dir - straight line, f/p - hobgoblin
Aim: a hobgoblin (moderately wounded)
The magic dart hits the hobgoblin.
The hobgoblin is severely wounded.
The hobgoblin misses you. The worm barely misses you.
Casting: Magic Dart (safe; 10% risk of failure)
Confirm with . or Enter, or press ? or * to list all spells.
Aiming: Magic Dart (safe; 10% risk of failure)
Press: ? - help, Shift-Dir - straight line, f/p - hobgoblin
Aim: a hobgoblin (severely wounded)
The magic dart hits the hobgoblin.
You kill the hobgoblin!
The giant cockroach misses you.
Casting: Magic Dart (safe; 9% risk of failure)
Confirm with . or Enter, or press ? or * to list all spells.
Aiming: Magic Dart (safe; 9% risk of failure)
Press: ? - help, Shift-Dir - straight line, f - worm
Aim: a worm The magic dart hits the worm.
The worm is lightly wounded.
The giant cockroach closely misses you. The worm bites you!
Ouch! That really hurt!
* * * LOW HITPOINT WARNING * * *
Casting: Magic Dart (safe; 9% risk of failure)
Confirm with . or Enter, or press ? or * to list all spells.
Aiming: Magic Dart (safe; 9% risk of failure)
Press: ? - help, Shift-Dir - straight line, f/p - worm
Aim: a worm (lightly wounded)
The magic dart hits the worm.
The worm is moderately wounded.
The giant cockroach bites you.
* * * LOW HITPOINT WARNING * * *
Grinder blinks!
You hit the worm but do no damage.
The worm is moderately wounded.
The giant cockroach bites you.
* * * LOW HITPOINT WARNING * * *
The worm bites you.
You die...

#........##.#.....#
#.#.........###.###
#<#.#.............#
###.#...#.#####.####
#.#..............#
........####.#####
.###.#### #.# #. ..#
#.### #. .### #.w@#
######s####
.......g...#
####.....(.#
#.......# #.......#
#5......# ..........
..g######.##


You could see Grinder, a worm, a giant cockroach and a goblin.

Vanquished Creatures
  A dart slug (D:2)
  A hobgoblin (D:3)
  A rat (D:2)
3 creatures vanquished.

Notes
Turn   | Place    | Note
-------+----------+-------------------------------------------
     0 | D:1      | Amnesiac the Mummy Wizard began the quest for the Orb.
     0 | D:1      | Reached XP level 1. HP: 13/13 MP: 5/5
    83 | D:3      | Noticed Ijyb
   178 | D:2      | Reached skill level 1 in Conjurations
   306 | D:3      | Noticed Grinder
   320 | D:3      | Slain by a worm

Vault maps used:
D:1:      enne_arrival_octagon_isle
D:2:      uniq_jessica
D:3:      cheibrodos_sewer_entry_drain, kennysheep_flooded_box, uniq_grinder,
          uniq_natasha, uniq_robin, uniq_ijyb

Skill      XL: |  1 |
---------------+----+-----
Conjurations   | 1 |  1.3
Dodging        | |  1.5
Stealth        | |  1.5
Spellcasting   | |  4.0
Summonings     | |  0.7
Translocations | |  0.7

Action                   || total
-------------------------++-------
Melee: Unarmed           ||     1
 Cast: Magic Dart        ||    15
  Use: Scroll            ||     2
Armor: Robe              ||     1
Dodge: Dodged            ||    13

Table legend:
 A = Spawn XP
 B = Non-spawn XP
 C = Spawn XP percentage of total XP
 D = Spawn monster count
 E = Non-spawn monster count
 F = Spawn count percentage of total count
 G = Total turns spent on level
                    A         B        C        D         E        F      G
               +---------+---------+-------+---------+---------+-------+---------
         Total |       0 |       7 |   0.0 |       0 |       3 |   0.0 |   320
               +---------+---------+-------+---------+---------+-------+---------
           D:2 |       0 |       5 |   0.0 |       0 |       2 |   0.0 |   192
           D:3 |       0 |       2 |   0.0 |       0 |       1 |   0.0 |    88
               +---------+---------+-------+---------+---------+-------+---------
